 Dungeon Crawl Stone Soup version 0.28.0 (webtiles) character file.

Game seed: 1705474339850508851

67795 fragbeetle the Tortoise (level 14, -7/118 (121) HPs)
             Began as a Minotaur Gladiator on Feb 19, 2022.
             Was a High Priest of Hepliaklqana.
             Mangled by a wolf spider (16 damage)
             ... on level 15 of the Dungeon.
             The game lasted 01:29:46 (33663 turns).

fragbeetle the Tortoise (Minotaur Gladiator)       Turns: 33663, Time: 01:29:47

HP:   -7/118 (121)  AC: 32    Str: 20 (24) XL:     14   Next: 84%
MP:   20/20         EV:  5    Int:  9 (10) God:    Hepliaklqana [*****.]
Gold: 924           SH:  5    Dex: 12      Spells: 12/13 levels left

rFire   + . .      SeeInvis .   t - +5 mace of Shame {freeze, Drain rElec rCorr Stlth+}
rCold   + . .      Faith    .   Z - +0 buckler
rNeg    . . .      Spirit   .   T - +3 gold dragon scales
rPois   +          Reflect  .   c - +0 hat
rElec   +          Harm     .   C - scarf {repulsion}
rCorr   +          Rampage  .   p - +2 pair of gloves {Stlth+}
Will    ++...                   q - +0 pair of boots "Izahovo" {Int+5}
Stlth   ..........              D - amulet of the acrobat
HPRegen 0.29/turn               e - +4 ring of protection
MPRegen 0.17/turn               y - ring of willpower

@: attractive, lightly drained, repel missiles
A: reduced essence, horns 2, retaliatory headbutt
a: Renounce Religion, Recall Ancestor, Ancestor Identity, Transference, Idealise


You were on level 15 of the Dungeon.
You worshipped Hepliaklqana.
Hepliaklqana was extremely pleased with you.
You visited 4 branches of the dungeon, and saw 24 of its levels.
You visited the Abyss 1 time.
You also visited: Ossuary and Gauntlet.

You collected 2707 gold pieces.
You spent 1783 gold pieces at shops.

Inventory:

Hand Weapons
 t - the +5 mace of Shame (weapon) {freeze, Drain rElec rCorr Stlth+}
   (You found it on level 4 of the Dungeon)

   It freezes those it strikes, dealing additional cold damage.
   It can also slow down cold-blooded creatures.
   rElec:     It insulates you from electricity.
   rCorr:     It protects you from acid and corrosion.
   Drain:     It drains your maximum health when unequipped.
   Stlth:     It makes you more stealthy.
 Y - the +4 war axe "Conservator" {venom, rCorr Int+2 Stlth+}
   (You bought it in a shop on level 2 of the Orcish Mines)

   It poisons the flesh of those it strikes.
   Int:       It affects your intelligence (+2).
   rCorr:     It protects you from acid and corrosion.
   Stlth:     It makes you more stealthy.
Missiles
 d - a throwing net
 E - 11 boomerangs
 R - 7 silver javelins
 S - 6 curare-tipped darts
Armour
 c - a +0 hat (worn)
 p - a +2 pair of gloves of stealth (worn)
 q - the +0 pair of boots "Izahovo" (worn) {Int+5}
   (You found it in a Gauntlet)

   Int:       It affects your intelligence (+5).
 C - a scarf of repulsion (worn)
 T - +3 gold dragon scales (worn)
 Z - a +0 buckler (worn)
Jewellery
 b - a ring of resist corrosion
 e - a +4 ring of protection (left hand)
 h - a ring of flight
 n - a +4 ring of protection
 y - a ring of willpower (right hand)
 A - a ring of protection from cold
 D - an amulet of the acrobat (around neck)
 F - a ring of protection from fire
 O - the ring of Xowequr {rElec rN+ Dex+6}
   (You took it off a wight on level 10 of the Dungeon)

   [ring of positive energy]

   Dex:       It affects your dexterity (+6).
   rElec:     It insulates you from electricity.
   rN:        It protects you from negative energy.
Wands
 g - a wand of iceblast (3)
 j - a wand of flame (14) (quivered)
 H - a wand of paralysis (4)
 I - a wand of digging (11)
 N - a wand of mindburst (16)
 P - a wand of polymorph (7)
Scrolls
 a - 5 scrolls of enchant weapon
 i - a scroll of magic mapping
 l - 2 scrolls of teleportation
 m - 2 scrolls of holy word
 s - 2 scrolls of silence {unknown}
 x - a scroll of blinking
 G - a scroll of summoning
 U - 2 scrolls of amnesia
 W - 2 scrolls of fog
 X - a scroll of immolation
Potions
 f - 8 potions of curing
 k - 3 potions of attraction
 o - 2 potions of magic {unknown}
 r - 4 potions of lignification
 u - 3 potions of mutation
 v - 3 potions of resistance
 w - 4 potions of brilliance
 J - 4 potions of flight
 L - 2 potions of invisibility
 M - 5 potions of haste {unknown}
 V - a potion of might {unknown}
Miscellaneous
 K - a piece from Xom's chessboard (15/15)


   Skills:
 - Level 15.0 Fighting
 - Level 11.1(13.4) Axes
 - Level 12.2(14.0) Maces & Flails
 - Level 2.0 Throwing
 - Level 15.0 Armour
 - Level 3.2 Dodging
 + Level 4.6 Shields
 - Level 10.0 Invocations
 - Level 10.0 Evocations


You had 12 spell levels left.
You knew the following spells:

 Your Spells              Type           Power      Damage    Failure   Level
a - Apportation           Tloc           0%         N/A       100%        1

Your spell library contained the following spells:

 Spells                   Type           Power      Damage    Failure   Level
 Beastly Appendage        Tmut           0%         N/A       100%        1
 Pain                     Necr           0%         1d4       100%        1
 Summon Small Mammal      Summ           0%         N/A       100%        1
 Wereblood                Tmut           0%         N/A       100%        2
 Confusing Touch          Hex            0%         N/A       100%        3
 Ozocubu's Armour         Ice            0%         N/A       100%        3
 Spider Form              Tmut/Pois      0%         N/A       100%        3
 Petrify                  Tmut/Erth      0%         N/A       100%        4
 Alistair's Intoxication  Tmut/Pois      0%         N/A       100%        5
 Iskenderun's Battlesphe  Conj           0%         2d6       100%        5
 Metabolic Englaciation   Hex/Ice        0%         N/A       100%        5
 Summon Forest            Summ/Tloc      0%         N/A       100%        5
 Summon Mana Viper        Hex/Summ       0%         N/A       100%        5
 Yara's Violent Unravell  Hex/Tmut       0%         3d3       100%        5
 Eringya's Noxious Bog    Tmut/Pois      0%         N/A       100%        6
 Iron Shot                Conj/Erth      0%         9d1       100%        6
 Simulacrum               Ice/Necr       0%         N/A       100%        6
 Statue Form              Tmut/Erth      0%         N/A       100%        6
 Summon Cactus Giant      Summ           0%         N/A       100%        6
 Enfeeble                 Hex            0%         N/A       100%        7
 Malign Gateway           Summ/Tloc      0%         N/A       100%        7
 Spellforged Servitor     Conj/Summ      0%         N/A       100%        7
 Summon Hydra             Summ           0%         N/A       100%        7
 Summon Horrible Things   Summ           0%         N/A       100%        8


Dungeon Overview and Level Annotations

Branches:
Dungeon (15/15)            Temple (1/1) D:7            Lair (6/6) D:8
  Swamp (0/4) Lair:3       Spider (0/4) Lair:3        Slime (0/5) Lair:6
    Orc (2/2) D:11            Elf (0/3) Orc:2        Vaults (0/5) D:14
 Depths (0/4) D:15        Ossuary (visited)         Gauntlet (visited)

Altars:
Ashenzari
Cheibriados
Dithmenos
Elyvilon
Fedhas
Gozag
Hepliaklqana
Kikubaaqudgha
Makhleb
Nemelex Xobeh
Okawaru
Qazlal
Ru
Sif Muna
Trog
Uskayaw
Vehumet
Wu Jian
Xom
Yredelemnul
Zin
The Shining One

Shops:
D:1 **(   D:4 **   D:6 [   D:10 =   Orc:2 *[:(

Annotations:
D:9 exclusion: orange crystal statue
D:14 Josephine
Lair:3 exclusion: oklob plant
Orc:1 2 transporters, Clumpoid's ghost, journeyman DDFi


Innate Abilities, Weirdness & Mutations

Your life essence is reduced to manifest your ancestor. (-10% HP)
You have a pair of horns on your head.
You reflexively headbutt those who attack you in melee.


Message History

Okay, then.
You feel better.
The black mamba changes into an elephant!
The wolf spider is attracted toward you.
Unknown command.
The wolf spider hits you but does no damage.
The wolf spider bites you but does no damage.
Something is attracted toward you.
Something tries to affect you, but you resist.
The wolf spider hits you but does no damage.
The wolf spider bites you but does no damage.
Something is attracted toward you. Something is attracted toward you.
The wolf spider misses you. You block the wolf spider's attack.
The elephant is attracted toward you. The wolf spider closely misses you.
You furiously retaliate!
You headbutt the wolf spider. You block the wolf spider's attack.
The elephant changes into a redback!
The wolf spider hits you but does no damage.
The wolf spider bites you but does no damage.
The redback is attracted toward you. Something hits you but does no damage.
The wolf spider hits you but does no damage.
The wolf spider closely misses you.
The skeletal warrior is attracted toward you.
The redback changes into a swamp dragon!
The skeletal warrior is attracted toward you.
The swamp dragon is attracted toward you.
The necromancer is attracted toward you.
The eight-headed hydra is attracted toward you.
Your magical effects are unravelling.
You feel magically purged. The wolf spider hits you.
* * * LOW HITPOINT WARNING * * *
The wolf spider barely misses you.
The necromancer mumbles some strange words.
The necromancer binds the souls of nearby monsters.
You hear some strange, mumbled words.
The skeletal warrior barely misses you. You furiously retaliate!
You headbutt the skeletal warrior. The wolf spider hits you!
You die...

#####
##...#########
##....<##.....###
##................
#........).......#
#§......§........#
#D................
#§s.Dp..§.........
#@z.§...z........#
#................#
##..............##
##.....##...§..#s
####### #.#.§..z
#....§#. #.####.#
#.#§.C#.
#####.#§....


You could see an eight-headed hydra (soul bound), a swamp dragon shaped shifter
(soul bound), 2 skeletal warriors, a wolf spider (soul bound) and a necromancer.

Vanquished Creatures
  An Executioner (Abyss:2)
  An orc warlord (Orc:2)
  Azrael (Orc:2)
  A minotaur (Gauntlet)
  A fire dragon (Lair:1)
  2 rakshasas (Abyss:2)
  A centaur warrior (D:13)
  4 catoblepae
  A two-headed ogre (D:13)
  2 hydras
  4 death yaks (Lair:6)
  A thrashing horror (Abyss:2)
  3 orc high priests (Orc:2)
  Nergalle (Lair:3)
  A sixfirhy (Abyss:2)
  6 large abominations
  A fire crab (Gauntlet)
  A wizard (D:14)
  Pikel (D:5)
  3 orc knights
  2 orc sorcerers (Orc:2)
  2 cyclopes
  2 ugly things
  2 manticores (Lair:6)
  3 black mambas
  A black mamba (shapeshifter) (D:13)
  A smoke demon (Abyss:2)
  10 cane toads
  3 rime drakes
  An orange demon (Abyss:2)
  An efreet (D:13)
  A freezing wraith (Abyss:2)
  7 komodo dragons
  4 kobold demonologists
  An ancient zyme (Abyss:2)
  3 polar bears
  A hornet (D:7)
  3 trolls
  A wolf spider simulacrum (Gauntlet)
  16 blink frogs
  10 raiju (Abyss:2)
  4 slime creatures (D:13)
  3 wraiths
  2 centaur simulacra (Gauntlet)
  A shadow (D:12)
  A fire bat (Gauntlet)
  2 wyverns
  A ynoxinul (Abyss:2)
  A spriggan (Lair:2)
  A vampire (D:6)
  2 hogs (D:12)
  35 yaks
  2 basilisks (Lair:4)
  2 vampire mosquitoes (D:13)
  2 wargs
  5 hell hounds (Orc:2)
  Duvessa (D:5)
  4 acid dragons
  9 water moccasins
  21 orc warriors
  7 black bears
  An ice dragon simulacrum (Gauntlet)
  A sky beast (D:7)
  An ice beast (D:4)
  A swamp drake (D:11)
  12 wolves
  6 necrophages
  5 ogres
  15 centaurs
  5 kobold brigands
  Blork the orc (D:5)
  8 small abominations
  11 bullfrogs
  9 scorpions
  Dowan (D:5)
  7 killer bees
  13 wights
  2 howler monkeys
  6 electric eels (Lair:3)
  4 centaur zombies
  2 quasits (Abyss:2)
  2 starcursed masses (Abyss:2)
  Crazy Yiuf (D:6)
  2 hounds
  2 jellies
  28 orc priests
  A human zombie (Ossuary)
  2 bullfrog skeletons (D:5)
  Jessica (D:2)
  A hexer (D:12)
  An iguana (D:4)
  17 orc wizards
  4 scorpion zombies
  Natasha (thrice) (D:3)
  A killer bee zombie (D:9)
  A hound skeleton (D:4)
  Robin (D:2)
  4 adders
  2 shadow imps
  5 ufetubi
  An adder skeleton (D:4)
  2 dart slugs
  3 worms
  56 orcs
  5 ball pythons
  5 bats
  8 endoplasms
  3 giant cockroaches
  13 goblins
  6 hobgoblins
  22 kobolds
  4 quokkas
  2 frilled lizards
  3 goblin zombies (Ossuary)
  2 hobgoblin zombies (Ossuary)
  3 kobold zombies (Ossuary)
  2 orc zombies (Ossuary)
  5 rats
553 creatures vanquished.

Vanquished Creatures (collateral kills)
  Kirke (D:13)
  A deep elf sorcerer (Abyss:2)
  A boulder beetle (D:6)
  A hydra (Lair:1)
  A catoblepas (Lair:6)
  2 centaur warriors
  2 death yaks
  A thrashing horror (Abyss:2)
  Sonja (D:13)
  A skeletal warrior (D:15)
  3 orc sorcerers
  3 cyclopes
  A cane toad (Lair:4)
  An efreet (D:13)
  A rime drake (Lair:3)
  An ancient zyme (Abyss:2)
  3 komodo dragons
  2 trolls
  3 blink frogs
  A small abomination (Gauntlet)
  A jumping spider (shapeshifter) (D:9)
  A hog (D:13)
  A wyvern (Lair:3)
  A fire bat (Gauntlet)
  A vampire (D:12)
  A fire elemental (Orc:2)
  5 yaks
  2 basilisks
  A hell hound (Orc:2)
  A water moccasin (D:8)
  7 orc warriors
  A black bear (D:8)
  An ogre (Orc:2)
  A centaur (Lair:5)
  A kobold brigand (D:11)
  5 bullfrogs
  2 killer bees
  5 wights
  4 orc priests (Orc:2)
  Ijyb (D:3)
  4 orc wizards (Orc:2)
  3 mummies (Ossuary)
  A white imp (Abyss:2)
  8 orcs
  A gnoll zombie (Ossuary)
  A kobold (D:12)
  A rat (D:3)
  A bush (Lair:1)
94 creatures vanquished.

Vanquished Creatures (others)
  28 hexers
  An orc (D:3)
  61 fungi
  A lurking horror (Abyss:2)
  85 plants
  3 starspawn tentacles (Abyss:2)
179 creatures vanquished.

Grand Total: 826 creatures vanquished

Notes
Turn   | Place    | Note
-------+----------+-------------------------------------------
     0 | D:1      | fragbeetle the Minotaur Gladiator began the quest for the
                  | Orb.
     0 | D:1      | Reached XP level 1. HP: 18/18 MP: 0/0
   224 | D:1      | Got the Guide on the Entourage
   297 | D:1      | Found Onnugg's General Store.
   303 | D:1      | Reached XP level 2. HP: 24/25 MP: 1/1
   353 | D:1      | Found Monolest's Weapon Boutique.
   449 | D:1      | Found Vaicke's Assorted Antiques.
   559 | D:1      | Found a faded altar of an unknown god.
   650 | D:1      | Got Plato's Catalogue of Black Secrets
   781 | D:2      | Noticed Robin
   840 | D:2      | Reached skill level 5 in Axes
   841 | D:2      | Reached XP level 3. HP: 28/30 MP: 2/2
  1013 | D:2      | Killed Robin
  1573 | D:2      | Found a blossoming altar of Fedhas.
  1619 | D:2      | Noticed Jessica
  1623 | D:2      | Killed Jessica
  1624 | D:2      | Reached XP level 4. HP: 32/37 MP: 3/3
  2120 | D:3      | Reached XP level 5. HP: 42/42 MP: 4/4
  2219 | D:3      | Noticed Ijyb
  2716 | D:4      | Noticed a necrophage
  2733 | D:4      | Reached XP level 6. HP: 50/50 MP: 5/5
  2838 | D:4      | Found Raleirch's General Store.
  2885 | D:4      | Noticed an ice beast
  2892 | D:4      | Killed an ice beast
  2893 | D:4      | Reached skill level 10 in Axes
  2893 | D:4      | Reached XP level 7. HP: 44/56 MP: 6/6
  3052 | D:4      | Found Soumuc's Gadget Gallery.
  3146 | D:4      | Identified the +5 mace of Shame {freeze, Drain rElec rCorr
                  | Stlth+}
  3408 | D:4      | Bought a scroll of identify for 26 gold pieces
  3408 | D:4      | Bought a scroll of identify for 26 gold pieces
  3754 | D:5      | Entered Level 5 of the Dungeon
  3754 | D:5      | Noticed Duvessa
  3754 | D:5      | Noticed Dowan
  3771 | D:5      | Killed Duvessa
  3773 | D:5      | Killed Dowan
  4098 | D:5      | Reached skill level 1 in Maces & Flails
  4211 | D:5      | Reached XP level 8. HP: 60/62 MP: 7/7
  4265 | D:5      | Noticed Blork the orc
  4266 | D:5      | Noticed Pikel
  4271 | D:5      | Killed Blork the orc
  4276 | D:5      | Killed Pikel
  5160 | D:6      | Found Apollo's Dragon-Slaying Spoils.
  5474 | D:7      | Found a staircase to the Ecumenical Temple.
  5496 | Temple   | Entered the Ecumenical Temple
  5804 | Temple   | Became a worshipper of Hepliaklqana the Forgotten
  5907 | D:6      | Reached XP level 9. HP: 30/68 MP: 8/8
  5917 | D:6      | Reached skill level 10 in Maces & Flails
  6194 | D:6      | Found an ornate altar of the Wu Jian Council.
  6755 | D:6      | Found a runed translucent door.
  6756 | D:6      | Noticed Crazy Yiuf
  6881 | D:6      | Noticed a boulder beetle
  7617 | D:7      | Reached skill level 1 in Armour
  7675 | D:7      | Learned a level 1 spell: Apportation
  7963 | D:7      | Reached skill level 5 in Armour
  8453 | D:8      | Reached XP level 10. HP: 74/74 MP: 9/9
  8489 | D:8      | Reached * piety under Hepliaklqana
  8952 | D:8      | Found a sand-covered staircase.
  9032 | Ossuary  | Entered an ossuary
  9776 | D:8      | Found a staircase to the Lair.
  9785 | D:8      | Reached skill level 10 in Armour
 10281 | D:8      | Reached ** piety under Hepliaklqana
 10282 | D:8      | Remembered your ancestor Butters as a hexer
 10915 | D:9      | Reached skill level 5 in Fighting
 11136 | D:9      | Noticed an orange crystal statue
 11816 | D:10     | Entered Level 10 of the Dungeon
 12087 | D:10     | Reached XP level 11. HP: 79/80 MP: 10/10
 12106 | D:10     | Found Azaoseow's Jewellery Shoppe.
 12114 | D:10     | Bought a ring of poison resistance for 280 gold pieces
 12163 | D:10     | Identified the ring of Xowequr {rElec rN+ Dex+6}
 12850 | D:3      | Killed Ijyb
 12969 | D:3      | Noticed Natasha
 12971 | D:3      | Killed Natasha
 13117 | D:3      | Noticed Natasha
 13122 | D:3      | Killed Natasha
 13480 | D:3      | Noticed Natasha
 13488 | D:3      | Killed Natasha
 13990 | D:6      | Killed a boulder beetle
 14468 | D:11     | Reached *** piety under Hepliaklqana
 14597 | D:11     | Reached skill level 10 in Fighting
 14597 | D:11     | Reached skill level 1 in Invocations
 14920 | D:11     | Found a staircase to the Orcish Mines.
 14946 | D:11     | Reached skill level 5 in Invocations
 15726 | D:12     | Identified the +3 leather armour of Past Mistakes {Fly rF+
                  | Stlth+}
 15865 | Lair:1   | Entered Level 1 of the Lair of Beasts
 15865 | Lair:1   | Noticed a four-headed hydra
 15870 | Lair:1   | Killed a four-headed hydra
 16031 | Lair:1   | Noticed a fire dragon
 16408 | Lair:1   | Noticed a six-headed hydra
 16413 | Lair:1   | Killed a six-headed hydra
 16560 | Lair:1   | Reached **** piety under Hepliaklqana
 16802 | Lair:2   | Reached XP level 12. HP: 79/95 MP: 17/17
 16998 | Lair:2   | Noticed an eight-headed hydra
 17006 | Lair:2   | Killed an eight-headed hydra
 17241 | Lair:3   | Reached skill level 10 in Invocations
 17378 | Lair:2   | Reached skill level 1 in Evocations
 18330 | Lair:3   | Reached skill level 5 in Evocations
 18453 | Lair:3   | Found a hole to the Spider Nest.
 18708 | Lair:3   | Found a staircase to the Swamp.
 18995 | Lair:3   | Noticed Nergalle
 19013 | Lair:3   | Killed Nergalle
 19258 | Lair:3   | Reached ***** piety under Hepliaklqana
 19632 | Lair:1   | Killed a fire dragon
 19904 | Lair:4   | Reached XP level 13. HP: 79/101 MP: 19/19
 21049 | Lair:5   | Found a shimmering blue altar of Sif Muna.
 22161 | Lair:6   | Entered Level 6 of the Lair of Beasts
 22238 | Lair:6   | Reached skill level 10 in Evocations
 23225 | Lair:6   | Found a staircase to the Slime Pits.
 24941 | D:6      | Bought +2 gold dragon scales for 1196 gold pieces
 25031 | D:6      | Killed Crazy Yiuf
 25308 | Orc:1    | Entered Level 1 of the Orcish Mines
 25459 | Orc:1    | Found a transporter.
 25459 | Orc:1    | Noticed Clumpoid's ghost (journeyman DDFi)
 25476 | Orc:1    | Found a transporter.
 26111 | Orc:2    | Entered Level 2 of the Orcish Mines
 26111 | Orc:2    | Reached ****** piety under Hepliaklqana
 26131 | Orc:2    | Found a staircase to the Elven Halls.
 26181 | Orc:2    | Found a gate leading to a gauntlet.
 26214 | Gauntlet | Entered a Gauntlet
 26214 | Gauntlet | Found a transporter.
 26214 | Gauntlet | Found a transporter.
 26214 | Gauntlet | Found a runed translucent door.
 26214 | Gauntlet | Found a runed translucent door.
 26232 | Gauntlet | Found a transporter.
 26232 | Gauntlet | Found a transporter.
 26236 | Gauntlet | Found a transporter.
 26236 | Gauntlet | Found a transporter.
 26260 | Gauntlet | Found a runed translucent gate.
 26262 | Gauntlet | Found a transporter.
 26263 | Gauntlet | Found a runed translucent gate.
 26264 | Gauntlet | Found a runed translucent gate.
 26266 | Gauntlet | Found a transporter.
 26274 | Gauntlet | Found a transporter.
 26290 | Gauntlet | Found a transporter.
 26308 | Gauntlet | Found a transporter.
 26308 | Gauntlet | Found a transporter.
 26781 | Gauntlet | Identified the +0 pair of boots "Izahovo" {Int+5}
 26788 | Gauntlet | Identified the +8 quarterstaff of the Shimmering Pariah
                  | {freeze, Will+}
 26887 | Gauntlet | Noticed a minotaur
 26902 | Gauntlet | Killed a minotaur
 26903 | Gauntlet | Reached XP level 14. HP: 114/114 MP: 20/20
 26920 | Gauntlet | Identified the ring of Bumaas {Fire Str+5 Int+5 Dex-4}
 27039 | Gauntlet | Identified the +2 hat of the Barber Surgeon {rPois rC+
                  | Dex+3 Stlth-}
 27862 | Orc:2    | Noticed an orc warlord
 27875 | Orc:2    | Killed an orc warlord
 28712 | Orc:2    | Noticed Azrael
 28724 | Orc:2    | Killed Azrael
 29026 | Orc:2    | Found Yruariol's Antique Armour Shop.
 29027 | Orc:2    | Found Luymaroi's Antique Weapon Boutique.
 29029 | Orc:2    | Found Vijonujar's General Store.
 29029 | Orc:2    | Found Rukhit's Book Shop.
 29044 | Orc:2    | Bought a polished war axe for 255 gold pieces
 29044 | Orc:2    | Identified the +4 war axe "Conservator" {venom, rCorr Int+2
                  | Stlth+} (You bought it in a shop on level 2 of the Orcish
                  | Mines)
 29983 | D:13     | Noticed Sonja
 29983 | D:13     | Noticed Kirke
 31007 | D:13     | Killed Sonja
 31138 | D:13     | Killed Kirke
 31139 | D:13     | Reached skill level 15 in Fighting
 31139 | D:13     | Reached skill level 15 in Armour
 31139 | D:13     | Reached skill level 1 in Shields
 31501 | D:14     | Cast into level 2 of the Abyss (a wizard)
 31751 | Abyss:2  | Noticed a tentacled starspawn
 31799 | Abyss:2  | Noticed an angel
 31977 | Abyss:2  | Noticed a tentacled starspawn
 32000 | Abyss:2  | Found a corrupted altar of Lugonu.
 32065 | Abyss:2  | Noticed a Hell Sentinel
 32268 | Abyss:2  | Noticed a starcursed mass
 32578 | Abyss:2  | Noticed an Executioner
 32596 | Abyss:2  | Killed an Executioner
 32679 | Abyss:2  | Noticed a white very ugly thing
 32859 | Abyss:2  | Noticed a starcursed mass
 32980 | Abyss:2  | Noticed a deep elf sorcerer
 32985 | Abyss:2  | Killed a deep elf sorcerer
 33109 | Abyss:2  | Noticed a lich
 33111 | Abyss:2  | Noticed a tentacled starspawn
 33113 | Abyss:2  | Noticed a daeva
 33166 | D:14     | Escaped the Abyss
 33514 | D:14     | Noticed an ironbound preserver
 33515 | D:14     | Found a gate to the Vaults.
 33579 | D:14     | Noticed Josephine
 33600 | D:15     | Entered Level 15 of the Dungeon
 33645 | D:15     | Found a staircase to the Depths.
 33646 | D:15     | HP: 2/118 [something/fireball (10)]
 33663 | D:15     | Mangled by a wolf spider

Illustrated notes

Levels and vault maps discovered:
D:1:      minmay_arrival_checkered_box, layout_basic, serial_shops, shop,
          shop_statue, shop, shapermc_ecumenical_altar_rom_forum
D:2:      layout_rooms, basic_altar, uniq_jessica, uniq_robin
D:3:      layout_loops_ring, uniq_ijyb, uniq_natasha
D:4:      layout_layer_cave, minmay_misc_feat_rows, nicolae_inconvenience_store,
          nicolae_shop_gadgets
D:5:      layout_basic, grunt_decor_mini_mirrors,
          hangedman_decor_clover_reticule, minivault_5, uniq_blork_the_orc,
          uniq_duvessa, uniq_pikel
D:6:      layout_basic, mainiacjoe_overflow_six_doors_small,
          nicolae_shop_dragon_depot, minmay_small_thing, uniq_crazy_yiuf_cottage
D:7:      layout_loops_corners, minmay_temple_entry_mini_moons,
          hangedman_abyss_or_decor_lesser_grid
D:8:      layout_loops_corners, due_lair_maze_entry_diamond,
          nicolae_ossuary_entry_plus
D:9:      layout_long_grid, minivault_15
D:10:     layout_rooms, serial_shops, shop, lemuel_flame_loot_1
D:11:     layout_roguey, erik_orc_1
D:12:     layout_loops_ring
D:13:     layout_layer_cave, uniq_kirke, uniq_sonja
D:14:     layout_big_octagon, skrybe_vaults_entry_preservation, uniq_josephine
D:15:     hangedman_depths_entry_civil_slaughter, layout_rooms,
          serial_park_gazebo [serial_park_minivault_5x5_4],
          nrook_guardian_serpent_ordinary
Temple:   nicolae_temple_the_god_donut
Lair:1:   dragon1_lemuel, layout_long_grid, wad_woods_06, serial_bayou_ford_a,
          serial_bayou_crossing
Lair:2:   hellmonk_destroyed_diamonds, layout_small_grid, wad_woods_03,
          infiniplex_staircase_pool_2
Lair:3:   layout_gridlike, minmay_swamp_entry_eels, spider_nest_entry_web_field,
          beast_lair_carwin_3, uniq_nergalle
Lair:4:   layout_loops_ring
Lair:5:   layout_cave_pods, chequers_serial_rivers_small_a, st_stairs_4,
          lemuel_centaur_altar
Lair:6:   evilmike_catoblepas_cave, layout_hall_layers, dpeg_slime_entry_corner
Orc:1:    layout_caves, gammafunk_ghost_stat_death
Orc:2:    st_orc_congregation, layout_caves, gauntlet_entry_generic, uniq_azrael

Skill      XL: |  1  2  3  4  5  6  7  8  9 10 11 12 13 14 |
---------------+-------------------------------------------+-----
Axes           | 4 5 6 8 10 11 | 11.1
Maces & Flails | 3 9 12 | 12.2
Armour         | 5 10 12 15 | 15.0
Fighting       | 7 10 12 15 | 15.0
Invocations    | 8 10 | 10.0
Evocations     | 8 10 | 10.0
Shields        | 4 |  4.6
Throwing       | |  2.0
Dodging        | |  3.2

Action                   |  1- 3 |  4- 6 |  7- 9 | 10-12 | 13-15 || total
-------------------------+-------+-------+-------+-------+-------++-------
Melee: War axe           |    58 |    62 |       |       |       ||   120
       Headbutt          |     2 |    15 |    42 |   162 |   276 ||   497
       Punch             |       |     1 |     1 |    14 |     9 ||    25
       Halberd           |       |    15 |    12 |       |       ||    27
       Mace              |       |       |   206 |   693 |  1053 ||  1952
Throw: Throwing net      |       |       |     3 |     1 |     1 ||     5
       Javelin           |       |       |     1 |       |     1 ||     2
       Dart              |       |       |       |     1 |     8 ||     9
       Boomerang         |       |       |       |       |     1 ||     1
Invok: Ancestor Identity |       |       |       |     1 |     1 ||     2
       Ancestor Life: He |       |       |       |     1 |       ||     1
       Recall Ancestor   |       |       |       |       |     2 ||     2
       Idealise          |       |       |       |       |     9 ||     9
       Transference      |       |       |       |       |     1 ||     1
Evoke: Wand              |       |       |     5 |    14 |    25 ||    44
  Use: Scroll            |       |       |     6 |    12 |    18 ||    36
       Potion            |       |       |     2 |       |    19 ||    21
 Stab: Sleeping          |       |     1 |       |       |       ||     1
       Confused          |       |       |       |     6 |     9 ||    15
       Distracted        |       |       |       |     7 |    16 ||    23
       Held in net/web   |       |       |       |     1 |     1 ||     2
       Petrified         |       |       |       |       |     3 ||     3
       Paralysed         |       |       |       |       |     2 ||     2
Armor: Leather armour    |    17 |     1 |       |       |       ||    18
       Ring mail         |       |    11 |     6 |       |       ||    17
       Chain mail        |       |       |    58 |   285 |   103 ||   446
       Gold dragon scale |       |       |       |       |   591 ||   591
Dodge: Dodged            |    45 |    36 |    78 |   241 |   419 ||   819
       Repelled          |       |       |       |     1 |     9 ||    10
Block: Buckler           |       |       |       |       |    76 ||    76
